 Dungeon Sprint DCSS version 0.21.2 (webtiles) character file.

639 Fang the Fighter (level 7, -1/53 HPs)
             Began as a Gargoyle Berserker on Jan 24, 2019.
             Was a High Priest of Trog.
             Slain by a wolf (6 damage)
             ... in the Dungeon (Sprint VII: "The Pits").
             The game lasted 00:01:27 (641 turns).

Fang the Fighter (Gargoyle Berserker)                Turns: 641, Time: 00:01:27

Health: -1/53      AC: 17    Str: 23    XL:     7   Next: 50%
Magic:  2/2        EV: 10    Int:  7    God:    Trog [*****.]
Gold:   0          SH:  0    Dex:  9    Spells: 6/6 levels left

rFire    . . .     SeeInvis .   p - +0 executioner's axe (antimagic)
rCold    . . .     Gourm    .   (shield currently unavailable)
rNeg     + . .     Faith    .   o - +3 chain mail
rPois    ∞         Spirit   .   (no helmet)
rElec    +         Reflect  .   (no cloak)
rCorr    .         Harm     .   (no gloves)
MR       .....     NoTele   +   (no boots)
Stlth    ..........             (no amulet)
HPRegen  0.17/turn              (no ring)
MPRegen  0.08/turn              (no ring)

@: no status effects
A: negative energy resistance 1, electricity resistance, unbreathing,
petrification resistance, rot immunity, AC +4
a: Berserk, Trog's Hand, Brothers in Arms, Burn Spellbooks, Renounce Religion


You were in the Dungeon.
You worshipped Trog.
Trog was extremely pleased with you.
You were not hungry.

You visited 1 branch

Inventory:

Hand Weapons
 j - a +2 hand axe
 n - a +2 hand axe of freezing
 p - a +0 antimagic executioner's axe (weapon)
Armour
 b - a +0 animal skin
 o - a +3 chain mail (worn)
Scrolls
 i - a scroll of blinking
 k - 3 scrolls of remove curse
 l - a scroll of summoning
Potions
 a - 2 potions of invisibility
 d - 6 potions of curing
 e - 6 potions of heal wounds
 f - a potion of haste
 g - 4 potions of magic
 h - 3 potions of berserk rage
Comestibles
 c - 9 rations


   Skills:
 + Level 10.4 Fighting
 + Level 10.0 Axes
 + Level 5.8 Armour
 + Level 5.1 Dodging


You had 6 spell levels left.
You didn't know any spells.

Dungeon Overview and Level Annotations

Branches:
Dungeon (1/1)

Altars:


Innate Abilities, Weirdness & Mutations

You are resistant to torment.
Your stone body is resilient. (AC +4)
You are immune to poison.
You resist negative energy. (rN+)
You are resistant to electric shocks. (rElec)
You can survive without breathing.
You are immune to petrification.
You are immune to rotting.


Message History

The wolf is moderately wounded.
The wolf bites you.
* * * LOW HITPOINT WARNING * * *
The wolf barely misses you. The wolf bites you.
* * * LOW HITPOINT WARNING * * *
Your chain mail prevents you from hitting the wolf.
The wolf is moderately wounded.
The wolf barely misses you. The wolf bites you.
* * * LOW HITPOINT WARNING * * *
You closely miss the wolf.
The wolf is moderately wounded.
The wolf bites you.
* * * LOW HITPOINT WARNING * * *
The wolf closely misses you.
The wolf stops to sniff the ground.
The wolf bites you but does no damage.
You closely miss the wolf.
The wolf is moderately wounded.
The wolf bites you.
You die...

#.#.....#'###...<...#
#.#........##.......#
#.#........##.......#
#'###########.......#
#)[#.#.##.. #########
#.......#r#
##.#.#.##h#
#.......#h#
##.#.#.##@+
#.......#'#
##.#.#..).#
##########


You could see 2 wolves and a river rat.

Vanquished Creatures
  2 floating eyes (D)
  A black bear (D)
  A centaur (D)
  A bullfrog (D)
  A wight (D)
  Crazy Yiuf (D)
  2 orc wizards (D)
  2 worker ants (D)
  An adder (D)
  2 ufetubi (D)
  An adder zombie (D)
  7 orcs (D)
  A ball python (D)
  A bat skeleton (D)
  A bat zombie (D)
25 creatures vanquished.

Notes
Turn   | Place    | Note
-------+----------+-------------------------------------------
     0 | D        | Fang the Gargoyle Berserker began the quest for the Orb.
     0 | D        | Reached XP level 1. HP: 14/14 MP: 1/1
    53 | D        | Noticed a floating eye
    55 | D        | Paralysed by a floating eye for 2 turns
    57 | D        | Killed a floating eye
    57 | D        | Reached skill level 5 in Axes
    57 | D        | Reached XP level 2. HP: 23/23 MP: 2/2
    57 | D        | Reached XP level 3. HP: 28/28 MP: 3/3
    57 | D        | Reached XP level 4. HP: 32/32 MP: 4/4
    62 | D        | Reached ** piety under Trog
    80 | D        | Noticed a floating eye
    84 | D        | Paralysed by a floating eye for 3 turns
    88 | D        | Killed a floating eye
    88 | D        | Reached XP level 5. HP: 28/40 MP: 5/5
    91 | D        | Reached *** piety under Trog
    95 | D        | Reached XP level 6. HP: 32/45 MP: 6/6
    96 | D        | Reached **** piety under Trog
    96 | D        | Received a gift from Trog
   310 | D        | Noticed a black bear
   314 | D        | Reached skill level 5 in Armour
   316 | D        | Reached ***** piety under Trog
   320 | D        | Killed a black bear
   322 | D        | Reached XP level 7. HP: 52/52 MP: 7/7
   323 | D        | Received a gift from Trog
   323 | D        | Reached skill level 10 in Fighting
   486 | D        | Noticed Crazy Yiuf
   490 | D        | Killed Crazy Yiuf
   506 | D        | Reached skill level 5 in Dodging
   614 | D        | Received a gift from Trog
   614 | D        | Reached skill level 10 in Axes
   641 | D        | Slain by a wolf

Skill      XL: |  1  2  3  4  5  6  7 |
---------------+----------------------+-----
Axes           | 5 7 9 10 | 10.0
Fighting       | 6 8 9 10 | 10.4
Armour         | 3 4 5 |  5.8
Dodging        | 3 4 5 |  5.1

Action                   |  1- 3 |  4- 6 |  7- 9 || total
-------------------------+-------+-------+-------++-------
Melee: Hand axe          |     6 |    38 |     5 ||    49
       Executioner's axe |       |       |    52 ||    52
Invok: Berserk           |       |     2 |       ||     2
  Eat: Chunk             |       |       |     1 ||     1
Armor: Animal skin       |     1 |    14 |       ||    15
       Chain mail        |       |    16 |    46 ||    62
Dodge: Dodged            |     7 |    26 |    41 ||    74
